 Dungeon Crawl Stone Soup version 0.28-a0-851-g8b9cc49659 (webtiles) character file.

Game seed: 8033978995384764366

129117 Twinkles the Spry (level 16, -4/223 HPs)
             Began as a Vampire Berserker on Nov 14, 2021.
             Was a High Priest of Trog.
             Slain by a nagaraja (37 damage)
             ... on level 2 of the Snake Pit.
             The game lasted 03:20:50 (33967 turns).

Twinkles the Spry (Vampire Berserker)              Turns: 33967, Time: 03:20:51

Health: -4/223     AC: 21    Str: 18    XL:     16   Next: 50%
Magic:  16/16      EV: 18    Int: 10    God:    Trog [*****.]
Gold:   3230       SH:  8    Dex: 24    Spells: 15/15 levels left

rFire   + . .      SeeInvis +   a - +2 demon blade (venom)
rCold   . . .      Faith    .   x - +2 buckler "Moenef" {rF+ Slay+3}
rNeg    . . .      Spirit   .   g - +4 scale mail {rPois}
rPois   +          Reflect  .   c - +0 helmet
rElec   .          Harm     .   (no cloak)
rCorr   .          Rampage  .   n - +0 pair of gloves
Will    +++..                   h - +1 pair of boots {Stlth+}
Stlth   ..........              O - amulet of Vitality {Regen+ HP+15}
HPRegen 2.67/turn               t - +6 ring of dexterity
MPRegen 0.15/turn               E - +4 ring of protection

@: berserking, lethally poisoned (-4 -> -5), strong-willed, regenerating,
constricted, studying Armour, very quick
A: alive, fangs 3, see invisible, vampiric 2
a: Exsanguinate, Renounce Religion, Berserk, Trog's Hand, Brothers in Arms


You were on level 2 of the Snake Pit.
You worshipped Trog.
Trog was extremely pleased with you.
You visited 4 branches of the dungeon, and saw 26 of its levels.
You also visited: Sewer, Bailey, Ice Cave and Volcano.

You collected 3562 gold pieces.
You spent 332 gold pieces at shops.

Inventory:

Hand Weapons
 a - a +2 demon blade of venom (weapon)
 b - the +11 fustibalus of Death's Door {flame, rC+ rN+}
   (You found it on level 9 of the Dungeon)

   Any ammunition fired from it burns those it strikes, dealing additional fire
   damage.
   rC:        It protects you from cold.
   rN:        It protects you from negative energy.
 u - a +2 double sword of flaming
 V - a +1 dagger of freezing
Missiles
 k - 50 boomerangs (quivered)
 l - 66 poisoned darts
 s - 409 stones
 z - a throwing net
 W - 175 sling bullets
Armour
 c - a +0 helmet (worn)
 g - a +4 scale mail of poison resistance (worn)
 h - a +1 pair of boots of stealth (worn)
 n - a +0 pair of gloves (worn)
 r - a +0 buckler of cold resistance
 x - the +2 buckler "Moenef" (worn) {rF+ Slay+3}
   (You bought it in a shop on level 2 of the Orcish Mines)

   Slay:      It affects your accuracy & damage with ranged weapons and melee
   (+3).
   rF:        It protects you from fire.
Jewellery
 e - a ring of protection from cold
 f - a ring of willpower
 m - a ring of fire
 t - a +6 ring of dexterity (left hand)
 B - the ring of Vobock {Ice rElec rN++ Dex+2 Stlth-}
   (You acquired it on level 1 of the Snake Pit)

   [ring of ice]

   It enhances your ice magic.
   Dex:       It affects your dexterity (+2).
   rF:        It makes you vulnerable to fire.
   rC:        It protects you from cold.
   rElec:     It insulates you from electricity.
   rN:        It greatly protects you from negative energy.
   Stlth:     It makes you less stealthy.
 E - a +4 ring of protection (right hand)
 O - the amulet of Vitality (around neck) {Regen+ HP+15}
   (You found it on level 9 of the Dungeon)

   [amulet of regeneration]

   HP:        It affects your health (+15).
   Regen:     It increases your rate of health regeneration.
 T - an amulet of the acrobat
 U - a ring of willpower
Wands
 d - a wand of digging (6)
 i - a wand of iceblast (10)
 j - a wand of polymorph (13)
 p - a wand of paralysis (10)
 q - a wand of flame (87)
 y - a wand of mindburst (21)
Scrolls
 o - 2 scrolls of torment
 D - a scroll of blinking
 F - 2 scrolls of fog
 K - a scroll of immolation
 S - a scroll of summoning
 X - 4 scrolls of magic mapping
 Y - 12 scrolls of teleportation
 Z - 7 scrolls of identify
Potions
 A - 2 potions of attraction
 C - a potion of cancellation
 G - 6 potions of ambrosia
 H - 6 potions of haste
 I - 2 potions of invisibility
 J - 11 potions of curing
 L - 3 potions of flight
 M - 5 potions of might
 N - 7 potions of heal wounds
 P - 6 potions of lignification
 Q - 4 potions of magic
 R - 2 potions of resistance
Miscellaneous
 v - a lightning rod (4/4)
 w - a phial of floods


   Skills:
 + Level 14.7 Fighting
 - Level 14.0 Long Blades
 + Level 10.3 Slings
 - Level 7.4 Bows
 + Level 9.6 Armour
 - Level 15.1 Dodging
 - Level 6.2 Stealth
 - Level 2.1 Shields


You had 15 spell levels left.
You didn't know any spells.
Your spell library was empty.

Dungeon Overview and Level Annotations

Branches:
Dungeon (15/15) Temple (0/1) D:4 Lair (6/6) D:11 Shoals (0/4) Lair:4 Snake (3/4) Lair:3 Slime (0/5) Lair:6 Orc (2/2) D:12 Elf (0/3) Orc:2 Vaults (0/5) D:12 D:13 Depths (0/4) D:15 Sewer (visited) Bailey (visited) IceCv (visited) Volcano (visited)

Altars:
Ashenzari
Dithmenos
Elyvilon
Fedhas
Gozag
Hepliaklqana
Nemelex Xobeh
Qazlal
Vehumet
Wu Jian
Xom
Zin
Beogh

Shops:
D:5 *   D:6 *   D:11 ![   Orc:2 :(=[   Snake:2 ==*:

Annotations:
D:7 1 runed translucent door, Crazy Yiuf
Lair:3 2 transporters


Innate Abilities, Weirdness & Mutations

Your natural rate of healing is accelerated.
You have razor-sharp teeth.
You have supernaturally acute eyesight. (SInv)
You are afflicted with vampirism and can become a bat while bloodless.


Message History

You block the nagaraja's attack.
You feel sick. The nagaraja misses you. The nagaraja grabs you.
The nagaraja constricts you.
The nagaraja hits you with a +1 halberd of venom!!
You are more poisoned.
The nagaraja constricts you.
* * * LOW HITPOINT WARNING * * *
Items here: $ ) [ †.
A red film seems to cover your vision as you go berserk!
You feel yourself moving faster!
You feel mighty!
You feel very sick. The nagaraja spits poison at you.
The splash of poison hits you. You resist.
* * * LOW HITPOINT WARNING * * *
The nagaraja constricts you.
* * * LOW HITPOINT WARNING * * *
You slash the nagaraja!
The nagaraja is lightly wounded.
You feel sick.
The nagaraja hits you with a +1 halberd of venom!!
* * * LOW HITPOINT WARNING * * *
The nagaraja constricts you.
* * * LOW HITPOINT WARNING * * *
You slash the nagaraja!
The nagaraja is moderately wounded.
You feel sick.
The nagaraja points at you and mumbles some strange words.
You resist with almost no effort. The nagaraja constricts you.
* * * LOW HITPOINT WARNING * * *
A salamander comes into view. It is wielding a +4 halberd.
You hit the nagaraja.
The nagaraja is moderately wounded.
You feel sick.
You hit the nagaraja but do no damage. You bite the nagaraja.
The nagaraja is moderately wounded.
You feel sick. The nagaraja closely misses you. The nagaraja constricts you.
You closely miss the nagaraja.
The nagaraja is moderately wounded.
The nagaraja hits you with a +1 halberd of venom!!!
You die...

≈. #... ≈.#. #..
#..≈.####.# #######
#.≈≈.#....# #......
#.N#......#######.##..
#..#.#....#...#.......
≈≈#≈...##...#...#.......
..≈§(..#..#.#...........
#N@.##........#...#
#....#'#)##...#####
.......#.♣(##.....#
[...:..###...###....#
#.#.#..##....)..##...# .
#.#.##.........##..# #
###...........##.#
##...##(.)##...###
#...###.♣.###...#


You could see a nagaraja (fast, strong, catching breath) and a salamander.

Vanquished Creatures
  Nikola (Snake:1)
  Gastronok (D:8)
  Nessos (D:13)
  An ettin (D:15)
  A fire dragon (Volcano)
  An ice dragon (Lair:4)
  Harold (D:8)
  6 naga warriors
  2 salamander tyrants
  5 boulder beetles
  Erolcha (D:9)
  8 hydras
  9 anacondas
  6 centaur warriors
  A death knight (D:9)
  Erica (D:11)
  A tengu warrior (D:13)
  6 two-headed ogres
  3 naga sharpshooters
  4 orc high priests
  A hell knight (D:15)
  2 shock serpents (Snake:1)
  A skeletal warrior (D:12)
  2 salamander mystics (Snake:2)
  2 goliath frogs
  A deep troll (D:15)
  3 naga ritualists
  10 orc knights
  A wizard (D:15)
  3 deep elf pyromancers
  A necromancer (D:15)
  Pikel (D:8)
  5 mana vipers
  5 orc sorcerers
  10 ugly things
  4 manticores
  9 salamanders
  5 cyclopes
  2 guardian serpents
  7 naga magi
  A gargoyle (D:12)
  2 ice statues (IceCv)
  13 black mambas
  21 cane toads
  A rime drake (Lair:4)
  15 komodo dragons
  Maggie (Lair:2)
  2 kobold demonologists (D:14)
  2 unseen horrors
  Psyche (D:8)
  An efreet (D:14)
  6 ice devils (IceCv)
  A freezing wraith (IceCv)
  A tengu conjurer (D:13)
  4 yaktaurs (D:15)
  A wind drake (shapeshifter) (D:9)
  5 trolls
  2 hornets
  2 tyrant leeches (Lair:6)
  17 blink frogs
  A raiju (shapeshifter) (D:13)
  15 slime creatures
  7 dream sheep
  2 shadows
  Sigmund (D:2)
  26 yaks
  A vampire (D:9)
  A wraith (D:12)
  2 dire elephant simulacra (IceCv)
  9 wyverns
  4 fire bats (Volcano)
  16 humans
  Grum (D:9)
  A basilisk (D:9)
  6 steam dragons
  6 vampire mosquitoes
  Menkaure (D:4)
  A death yak simulacrum (IceCv)
  A harpy simulacrum (IceCv)
  13 nagas
  5 wargs
  An acid dragon (D:11)
  7 water moccasins
  An ice beast (shapeshifter) (D:12)
  A sky beast (D:7)
  33 orc warriors
  A black bear (shapeshifter) (D:15)
  3 black bears
  16 ogres
  2 necrophages
  15 centaurs
  A lemure (D:8)
  27 wolves
  5 kobold brigands
  3 gnoll sergeants (D:12)
  17 bullfrogs
  A cane toad simulacrum (IceCv)
  3 two-headed ogre simulacra (IceCv)
  A water moccasin zombie (D:5)
  4 scorpions
  2 water moccasin skeletons
  A wight (D:9)
  An electric eel (Lair:6)
  4 howler monkeys
  4 crimson imps (D:6)
  3 centaur zombies
  5 hounds
  A bullfrog zombie (D:6)
  12 orc priests
  2 bullfrog skeletons (D:6)
  3 jellies
  2 centaur skeletons
  23 orc wizards
  12 hell rats
  3 spriggan simulacra (IceCv)
  2 troll simulacra (IceCv)
  2 wolf simulacra (IceCv)
  A polar bear simulacrum (IceCv)
  A hound zombie (D:5)
  2 howler monkey zombies
  10 gnolls
  11 adders
  4 naga simulacra (IceCv)
  12 river rats
  5 white imps
  An ufetubus (D:5)
  3 worms
  3 dart slugs
  63 orcs
  9 ball pythons
  15 endoplasms
  3 giant cockroaches
  13 hobgoblins
  7 jackals (D:1)
  2 quokkas (D:2)
  8 bats
  3 frilled lizards (D:1)
  15 goblins
  34 kobolds
  17 rats
820 creatures vanquished.

Vanquished Creatures (collateral kills)
  A hydra (Lair:5)
1 creature vanquished.

Vanquished Creatures (others)
  A naga (Snake:1)
  32 fungi
  156 plants
189 creatures vanquished.

Grand Total: 1010 creatures vanquished

Notes
Turn   | Place    | Note
-------+----------+-------------------------------------------
     0 | D:1      | Twinkles the Vampire Berserker began the quest for the Orb.
     0 | D:1      | Reached XP level 1. HP: 17/17 MP: 1/1
   101 | D:1      | Reached XP level 2. HP: 21/23 MP: 2/2
   185 | D:1      | Found a faded altar of an unknown god.
   268 | D:1      | Reached ** piety under Trog
   280 | D:1      | Gained mutation: You are afflicted with vampirism and can
                  | become a bat while bloodless. [Vampire growth]
   280 | D:1      | Reached XP level 3. HP: 28/28 MP: 3/3
   492 | D:1      | Reached skill level 1 in Shields
   871 | D:2      | Reached XP level 4. HP: 35/35 MP: 4/4
  1293 | D:2      | Reached skill level 3 in Dodging
  1329 | D:2      | Noticed Sigmund
  1335 | D:2      | Killed Sigmund
  1336 | D:2      | Reached XP level 5. HP: 41/41 MP: 5/5
  1737 | D:3      | Reached *** piety under Trog
  1791 | D:3      | Reached XP level 6. HP: 47/47 MP: 6/6
  2012 | D:3      | Reached skill level 1 in Stealth
  2052 | D:3      | Found a glowing drain.
  2059 | Sewer    | Entered a sewer
  2421 | Sewer    | Reached skill level 4 in Dodging
  2655 | Sewer    | Reached **** piety under Trog
  2713 | Sewer    | Reached XP level 7. HP: 50/54 MP: 7/7
  3727 | D:4      | Noticed Menkaure
  3747 | D:4      | Killed Menkaure
  4033 | D:4      | Found an opulent altar of Gozag.
  4056 | D:4      | Reached skill level 5 in Long Blades
  4062 | D:4      | Identified the +6 arbalest of Instant Death {elec, rElec
                  | rF+++ Str-2 SInv}
  4133 | D:4      | Found a staircase to the Ecumenical Temple.
  4172 | D:4      | Found an ornate altar of the Wu Jian Council.
  4318 | D:5      | Entered Level 5 of the Dungeon
  4377 | D:5      | Reached skill level 5 in Dodging
  4416 | D:5      | Reached skill level 5 in Stealth
  4416 | D:5      | Reached XP level 8. HP: 39/61 MP: 8/8
  4708 | D:5      | Reached skill level 5 in Fighting
  4744 | D:5      | Found Satenioj's Assorted Antiques.
  5655 | D:6      | Reached skill level 1 in Bows
  5656 | D:6      | Reached skill level 6 in Dodging
  5774 | D:5      | Reached skill level 8 in Dodging
  5774 | D:5      | Reached XP level 9. HP: 73/73 MP: 9/9
  5775 | D:5      | Reached skill level 10 in Dodging
  5775 | D:5      | Reached XP level 10. HP: 82/82 MP: 10/10
  5961 | D:5      | Identified a scroll of acquirement
  6012 | D:5      | Found a broken altar of Ashenzari.
  6665 | D:6      | Found a sparkling altar of Nemelex Xobeh.
  7068 | D:6      | Found Veush's General Store.
  7087 | D:6      | Found a stormy altar of Qazlal.
  7143 | D:6      | Found a shimmering altar of Xom.
  7412 | D:7      | Found a runed translucent door.
  7413 | D:7      | Noticed Crazy Yiuf
  7557 | D:7      | Noticed a deep elf pyromancer
  7566 | D:7      | Killed a deep elf pyromancer
  7951 | D:7      | Reached XP level 11. HP: 89/89 MP: 11/11
  8759 | D:8      | Found a shadowy altar of Dithmenos.
  8787 | D:8      | Noticed Pikel
  8805 | D:8      | Killed Pikel
  8806 | D:8      | Reached skill level 10 in Long Blades
  8924 | D:8      | Noticed Gastronok
  9104 | D:8      | Killed Gastronok
  9271 | D:8      | Noticed Harold
  9291 | D:8      | Killed Harold
  9327 | D:8      | Noticed Psyche
  9335 | D:8      | Killed Psyche
  9752 | D:8      | Found a hazy altar of Hepliaklqana.
  9860 | D:9      | Noticed Erolcha
  9875 | D:9      | Killed Erolcha
  9876 | D:9      | Reached skill level 11 in Dodging
 10070 | D:9      | Found the amulet of Vitality {Regen+ HP+15}
 10137 | D:9      | Noticed a death knight
 10137 | D:9      | Noticed a two-headed ogre
 10159 | D:9      | Noticed a centaur warrior
 10166 | D:9      | Killed a death knight
 10189 | D:9      | HP: 24/90 [centaur warrior (11)]
 10194 | D:9      | HP: 20/90 [centaur warrior (9)]
 10196 | D:9      | Killed a centaur warrior
 10426 | D:9      | Identified the +11 fustibalus of Death's Door {flame, rC+
                  | rN+}
 10507 | D:9      | Identified the ring "Zadaolag" {Ice SInv}
 10552 | D:9      | Killed a two-headed ogre
 10553 | D:9      | Reached skill level 10 in Fighting
 10553 | D:9      | Reached skill level 1 in Slings
 10561 | D:9      | Reached XP level 12. HP: 97/97 MP: 12/12
 10619 | D:9      | Noticed a centaur warrior
 10822 | D:9      | Noticed Grum
 10834 | D:9      | Killed Grum
 10995 | D:9      | Killed a centaur warrior
 11208 | D:10     | Entered Level 10 of the Dungeon
 11421 | D:10     | Found a blossoming altar of Fedhas.
 11542 | D:10     | Identified the +3 long sword of Ebeir {vorpal, MP+9 Str+4}
 12054 | D:11     | Reached skill level 12 in Dodging
 12149 | D:11     | Found Ficsas's Distillery.
 12151 | D:11     | Noticed a boulder beetle
 12183 | D:11     | Killed a boulder beetle
 12221 | D:11     | Found a flagged portal.
 12260 | Bailey   | Entered a bailey
 13043 | D:11     | Noticed Erica
 13078 | D:11     | Killed Erica
 13090 | D:11     | Found Edghu's Antique Armour Boutique.
 13144 | D:11     | Found a staircase to the Lair.
 13159 | Lair:1   | Entered Level 1 of the Lair of Beasts
 13948 | Lair:2   | Noticed a seven-headed hydra
 13952 | Lair:2   | Killed a seven-headed hydra
 14244 | Lair:2   | Noticed a boulder beetle
 14262 | Lair:2   | Noticed Maggie
 14275 | Lair:2   | Killed Maggie
 14399 | Lair:2   | Found a dark tunnel.
 14415 | Volcano  | Entered a volcano
 14645 | Volcano  | Reached XP level 13. HP: 105/105 MP: 13/13
 15191 | Volcano  | Noticed a fire dragon
 15211 | Volcano  | Killed a fire dragon
 16569 | Lair:3   | Reached skill level 13 in Dodging
 16569 | Lair:3   | Found a staircase to the Snake Pit.
 16939 | Lair:3   | Found a transporter.
 17256 | Lair:3   | Found a transporter.
 17406 | Lair:3   | Reached skill level 5 in Slings
 18053 | Lair:4   | Found a staircase to the Shoals.
 18264 | Lair:3   | Reached ***** piety under Trog
 19024 | Lair:5   | Found a radiant altar of Vehumet.
 19050 | Lair:5   | Found a frozen archway.
 19070 | IceCv    | Entered an ice cave
 20116 | IceCv    | Received a gift from Trog
 20294 | IceCv    | Noticed a reaper
 21113 | Lair:6   | Entered Level 6 of the Lair of Beasts
 21140 | Lair:5   | Reached skill level 5 in Armour
 21372 | Lair:5   | Reached XP level 14. HP: 104/114 MP: 14/14
 22390 | Lair:6   | Reached skill level 14 in Dodging
 23028 | Lair:6   | Found a staircase to the Slime Pits.
 23060 | Lair:6   | Received a gift from Trog
 23438 | Lair:6   | Found a blossoming altar of Fedhas.
 24634 | D:12     | Found a staircase to the Orcish Mines.
 25368 | D:13     | Upgraded the game from 0.28-a0-850-g09de17f5b5 to
                  | 0.28-a0-851-g8b9cc49659
 25439 | D:13     | Noticed Nessos
 25466 | D:13     | Found a gate to the Vaults.
 25600 | D:12     | Reached XP level 15. HP: 113/122 MP: 15/15
 26209 | D:13     | HP: 41/137 [Nessos/arrow (7)]
 26214 | D:13     | HP: 41/137 [Nessos/arrow (13)]
 26468 | D:13     | Killed Nessos
 27457 | D:14     | Reached skill level 15 in Dodging
 28001 | D:15     | Entered Level 15 of the Dungeon
 28188 | D:15     | Found a staircase to the Depths.
 29190 | Orc:1    | Entered Level 1 of the Orcish Mines
 29880 | Orc:2    | Entered Level 2 of the Orcish Mines
 30072 | Orc:2    | Found a staircase to the Elven Halls.
 30983 | Orc:2    | Found Vesam's Antique Armour Emporium.
 30983 | Orc:2    | Found Guufo Tag's Jewellery Emporium.
 30985 | Orc:2    | Found Ygotaot's Antique Weapon Shop.
 30985 | Orc:2    | Found Xulesaek's Book Shop.
 31242 | Orc:2    | Bought a smoking buckler for 332 gold pieces
 31242 | Orc:2    | Identified the +2 buckler "Moenef" {rF+ Slay+3} (You bought
                  | it in a shop on level 2 of the Orcish Mines)
 31480 | Snake:1  | Entered Level 1 of the Snake Pit
 31485 | Snake:1  | Acquired 340 gold pieces
 31489 | Snake:1  | Acquired a manual of Armour
 31499 | Snake:1  | Noticed Nikola
 31501 | Snake:1  | Acquired the ring of Vobock {Ice rElec rN++ Dex+2 Stlth-}
 31525 | Snake:1  | Killed Nikola
 31913 | Snake:1  | Reached XP level 16. HP: 133/133 MP: 16/16
 32029 | Snake:1  | Received a gift from Trog
 32998 | Snake:2  | Reached skill level 10 in Slings
 33543 | Snake:2  | Found Maezuq's Jewellery Emporium.
 33545 | Snake:2  | Found Enups's Book Emporium.
 33545 | Snake:2  | Found Esuuha Xido's Jewellery Emporium.
 33545 | Snake:2  | Found Elekhusouc's General Store.
 33589 | Snake:2  | You fall into a shaft and drop 1 floor!
 33961 | Snake:2  | HP: 44/149 [constriction (4)]
 33966 | Snake:2  | HP: 32/223 [poisoned by a nagaraja]
 33967 | Snake:2  | Slain by a nagaraja

Illustrated notes

Levels and vault maps discovered:
D:1:      giann_wishing_wells, layout_rooms, basic_ecumenical_altar, st_stairs_2
D:2:      layout_basic, uniq_sigmund
D:3:      layout_loops_corners, mainiacjoe_overflow_cross_hatched,
          lightli_sewer_entry_pipes
D:4:      layout_rooms, grunt_gozag_statues, mainiacjoe_overflow_alcove_4,
          minmay_temple_entry_crystal_x, uniq_menkaure
D:5:      layout_basic, nicolae_ashenzari_skybound, serial_shops, shop
D:6:      layout_rooms, kennysheep_little_box,
          nemelex_xobeh_ov_fountains_minmay, led_xom_imps, serial_shops, shop,
          corexii_item_surrounded_by_moat
D:7:      layout_basic, uniq_crazy_yiuf_cottage
D:8:      layout_cave_pools, mainiacjoe_overflow_surrounded_room,
          lemuel_tele_altar, uniq_psyche, uniq_pikel, uniq_harold,
          uniq_gastronok
D:9:      minmay_the_grid_square_5x5_3x3 [minmay_the_grid_square_5x5_shuriken,
          minmay_the_grid_square_5x5_bite, minmay_the_grid_square_5x5_shrine1,
          minmay_the_grid_square_5x5_longway,
          minmay_the_grid_square_5x5_megaprize_open,
          minmay_the_grid_square_5x5_three, minmay_the_grid_square_5x5_shrine2,
          minmay_the_grid_square_5x5_seven,
          minmay_the_grid_square_5x5_two_small], layout_rooms, st_stairs_12,
          chequers_serial_rivers_large_b, uniq_grum, uniq_erolcha
D:10:     layout_cave_pods, mainiacjoe_overflow_catwalk_spiral,
          minmay_misc_feat_diagonals, hangedman_decor_opposing
D:11:     layout_rooms, lair_entry_dummy, enter_bailey_3, serial_shops, shop,
          shop, uniq_erica
D:12:     layout_roguey, kennysheep_orc_monster_closet_entryway
D:13:     layout_cave_pools, david_vaults_3, chequers_serial_rivers_large_a
D:14:     layout_gridville, minmay_misc_feat_x
D:15:     hangedman_depths_entry_civil_slaughter, layout_irregular_city
Lair:1:   layout_long_grid
Lair:2:   layout_layer_cave, lightli_volcano_entry_magma_tube,
          serial_bayou_shore_b, serial_bayou_shore_b, uniq_maggie
Lair:3:   gammafunk_cloud_chamber, layout_cave_pods,
          minmay_snake_entry_guardpost_medium
Lair:4:   layout_hall_layers, minmay_shoals_entry_centaurs,
          bobbens_ice_dragon_lair
Lair:5:   layout_hall_layers, portal_ice_cave_entry_pillars_2,
          lemuel_centaur_altar
Lair:6:   minmay_lair_end_frog_pond, layout_regular_city,
          nicolae_slime_entry_slimehenge, basic_altar,
          chequers_serial_rivers_micro_d
Snake:1:  layout_basic, st_stairs_8, uniq_nikola
Snake:2:  layout_misc_corridors, minmay_shop_grid_forest,
          nicolae_snake_salamander_fort, grunt_megastairs_5
Snake:3:  layout_basic, nrook_guardian_serpent_ordinary, uniq_jorgrun
Orc:1:    layout_caves, bh_open_orc_temple
Orc:2:    st_orc_elflike, layout_diamond_mine, basic_altar,
          statue_in_the_mist_lemuel

Skill      XL: |  1  2  3  4  5  6  7  8  9 10 11 12 13 14 15 16 |
---------------+-------------------------------------------------+-----
Fighting       | 3 4 7 8 9 10 11 12 14 | 14.7
Armour         | 2 3 5 7 9 |  9.6
Shields        | 1 2 |  2.1
Dodging        | 3 4 5 8 10 11 12 13 14 15 | 15.1
Long Blades    | 4 5 8 9 10 11 12 13 14 | 14.0
Stealth        | 3 5 6 |  6.2
Bows           | 4 6 7 |  7.4
Slings         | 1 4 5 7 9 10 | 10.3

Action                   |  1- 3 |  4- 6 |  7- 9 | 10-12 | 13-15 | 16-18 || total
-------------------------+-------+-------+-------+-------+-------+-------++-------
Melee: Falchion          |    22 |       |       |       |       |       ||    22
       Bite              |    10 |    18 |    26 |    94 |   248 |    62 ||   458
       Long sword        |   104 |   189 |   141 |   229 |       |       ||   663
       Dagger            |       |       |    69 |     3 |    15 |     1 ||    88
       Demon blade       |       |       |       |   299 |  1303 |   286 ||  1888
       Fustibalus        |       |       |       |       |     1 |       ||     1
 Fire: Fustibalus        |       |       |       |    92 |   647 |    46 ||   785
Throw: Stone             |       |     6 |       |       |       |       ||     6
       Dart              |       |       |       |     4 |       |       ||     4
Invok: Berserk           |       |     1 |     2 |    14 |    19 |     2 ||    38
       Trog's Hand       |       |     1 |     1 |    19 |    24 |     5 ||    50
       Brothers in Arms  |       |       |       |       |     3 |       ||     3
  Use: Scroll            |       |       |     6 |    11 |    18 |       ||    35
       Potion            |       |       |     2 |     3 |     2 |       ||     7
 Stab: Sleeping          |     1 |     1 |     3 |     7 |     8 |     1 ||    21
       Distracted        |       |       |     1 |       |     1 |       ||     2
       Invisible         |       |       |       |     1 |       |       ||     1
Armor: Animal skin       |    81 |       |       |       |       |       ||    81
       Leather armour    |       |    60 |    77 |    44 |       |       ||   181
       Scale mail        |       |       |       |   133 |   363 |    62 ||   558
Dodge: Dodged            |   108 |   108 |   147 |   376 |   876 |   194 ||  1809
Block: Buckler           |       |       |       |       |   215 |    80 ||   295

Table legend: (Time is in decaauts)
 A = Elapsed time spent in this place.
 B = Non-inter-level travel time spent in this place.
 C = Inter-level travel time spent in this place.
 D = Time resting spent in this place.
 E = Time spent auto-exploring this place.
 F = Levels seen in this place.
 G = Mean time per level.
                   A        B        C        D        E       F      G
               +--------+--------+--------+--------+--------+-----+--------+
         Total |  33805 |  29797 |   4008 |   5936 |  15480 |  30 | 1126.8 |
       Dungeon |  17050 |  14872 |   2178 |   3045 |   8207 |  15 | 1136.7 |
          Lair |   8371 |   7147 |   1224 |   1217 |   4342 |   6 | 1395.2 |
     Snake Pit |   2215 |   2082 |    133 |    507 |    973 |   3 |  738.3 |
  Orcish Mines |   2077 |   1605 |    472 |     46 |   1012 |   2 | 1038.5 |
         Sewer |    962 |    962 |      0 |     37 |    442 |   1 |  962.0 |
        Bailey |    713 |    713 |      0 |    120 |    134 |   1 |  713.0 |
      Ice Cave |   1280 |   1280 |      0 |    564 |     88 |   1 | 1280.0 |
       Volcano |   1134 |   1134 |      0 |    399 |    280 |   1 | 1134.0 |
               +--------+--------+--------+--------+--------+-----+--------+

Top non-repeatable levels by time:
  Lair:5: 1918 daAuts
  Lair:3: 1846 daAuts
    D:13: 1676 daAuts
     D:5: 1670 daAuts
  Lair:6: 1562 daAuts
     D:8: 1536 daAuts
  Lair:2: 1439 daAuts
     D:2: 1436 daAuts
   Orc:2: 1307 daAuts
   IceCv: 1280 daAuts
     D:3: 1264 daAuts
     D:9: 1220 daAuts
     D:7: 1148 daAuts
    D:12: 1144 daAuts
 Snake:1: 1143 daAuts
